 Dungeon Crawl Stone Soup version 0.23.2-33-g5129a83184 (webtiles) character file.

Game seed: 12740125395238617207

51 FishyPogo the Caller (level 3, 0/42 HPs)
             Began as a Hill Orc Summoner on Aug 6, 2019.
             Slain by an orc
             ... wielding a +0 short sword
              (7 damage)
             ... on level 3 of the Dungeon.
             The game lasted 00:20:44 (2048 turns).

FishyPogo the Caller (Hill Orc Summoner)            Turns: 2048, Time: 00:20:45

Health: 0/42       AC:  3    Str: 15    XL:     3   Next: 81%
Magic:  3/5        EV: 11    Int: 15    God:
Gold:   140        SH:  0    Dex: 12    Spells: 2/5 levels left

rFire    . . .     SeeInvis .   f - +1 dagger
rCold    . . .     Gourm    .   (no shield)
rNeg     . . .     Faith    .   d - +0 leather armour
rPois    .         Spirit   .   i - +0 hat
rElec    .         Reflect  .   (no cloak)
rCorr    .         Harm     .   (no gloves)
MR       .....                  (no boots)
Stlth    ..........             (no amulet)
HPRegen  0.14/turn              (no ring)
MPRegen  0.09/turn              (no ring)

@: berserking, very quick
A: no striking features
a: no special abilities


You were on level 3 of the Dungeon.
You were very hungry.

You visited 1 branch of the dungeon, and saw 3 of its levels.

You collected 140 gold pieces.

Inventory:

Hand Weapons
 f - a +1 dagger (weapon)
Missiles
 m - 15 stones (quivered)
Armour
 a - a +0 robe
 d - a +0 leather armour (worn)
 i - a +0 hat (worn)
Jewellery
 b - an uncursed ring of protection from magic {unknown}
Scrolls
 e - a scroll of blinking
 h - 8 scrolls of identify {unknown}
Potions
 k - 3 potions of cancellation {unknown}
 l - a potion of berserk rage
Comestibles
 c - 5 rations


   Skills:
 + Level 1.4 Fighting
 + Level 1.2 Armour
 - Level 1.5 Dodging
 + Level 2.0 Stealth
 + Level 1.8 Spellcasting
 * Level 4.4 Summonings


You had 2 spell levels left.
You knew the following spells:

 Your Spells              Type           Power        Failure   Level  Hunger
a - Summon Small Mammal   Summ           ##..         4%          1    ##.....
b - Call Imp              Summ           ##......     7%          2    ###....

Your spell library contained the following spells:

 Spells                   Type           Power        Failure   Level  Hunger
 Call Canine Familiar     Summ           ##......     13%         3    ####...
 Summon Guardian Golem    Hex/Summ       #.......     32%         3    ####...
 Summon Ice Beast         Ice/Summ       #.......     73%         4    #####..
 Summon Lightning Spire   Summ/Air       #.......     73%         4    #####..


Dungeon Overview and Level Annotations

Branches:
Dungeon (3/15)

Altars:
Cheibriados
Xom


Message History

The orc wizard is severely wounded.
Your bat closely misses the bat.
The bat barely misses you. The orc hits you with a +0 flail.
* * * LOW HITPOINT WARNING * * *
The hobgoblin hits you with a +0 club.
* * * LOW HITPOINT WARNING * * *
The orc wizard hits you but does no damage.
The orc closely misses you.
Your bat hits the bat but does no damage.
The bat hits you but does no damage. The bat completely misses you.
Your rat closely misses the orc.
You barely miss the orc wizard.
The orc wizard is severely wounded.
Your bat hits the bat. The bat barely misses your bat.
The orc wizard misses you.
You miss the orc wizard.
The orc wizard is severely wounded.
Your bat closely misses the bat.
The bat barely misses your bat. The orc barely misses you.
The orc hits you with a +0 short sword!
You die...

#. #.......#
####.##.......#
##.....#$..g.###
##............(##
#......(........#
#.....>..$......#
#......rKb......#
#......oob......#
.......o@........
#......g.......###
#.#.....#......# #
############.. .


You could see an orc wizard, 2 orcs, a hobgoblin, a goblin, a bat, a kobold, a
friendly bat and a friendly rat.

Vanquished Creatures
  An adder (D:2)
  A leopard gecko (D:2)
  2 giant cockroaches (D:1)
  A hobgoblin (D:2)
  5 jackals
  2 bats (D:1)
  3 kobolds
  A rat (D:2)
16 creatures vanquished.

Vanquished Creatures (collateral kills)
  An ooze (D:2)
  4 giant cockroaches
  5 goblins
  5 hobgoblins
  7 jackals (D:1)
  6 bats
  3 frilled lizards (D:2)
  A rat (D:2)
32 creatures vanquished.

Grand Total: 48 creatures vanquished

Notes
Turn   | Place    | Note
-------+----------+-------------------------------------------
     0 | D:1      | FishyPogo the Hill Orc Summoner began the quest for the
                  | Orb.
     0 | D:1      | Reached XP level 1. HP: 14/14 MP: 3/3
   148 | D:1      | Reached XP level 2. HP: 15/22 MP: 0/4
   198 | D:1      | Learned a level 2 spell: Call Imp
   497 | D:1      | Reached skill level 1 in Fighting
   710 | D:2      | Reached XP level 3. HP: 11/28 MP: 0/5
   962 | D:2      | Reached skill level 1 in Armour
  1013 | D:2      | Found a snail-covered altar of Cheibriados.
  1689 | D:2      | Noticed a centaur
  1937 | D:3      | Found a shimmering altar of Xom.
  2048 | D:3      | Slain by an orc

Skill      XL: |  1  2  3 |
---------------+----------+-----
Fighting       | 1 |  1.4
Stealth        | 2 |  2.0
Armour         | 1 |  1.2
Dodging        | |  1.5
Spellcasting   | |  1.8
Summonings     | |  4.4

Action                   || total
-------------------------++-------
Melee: Unarmed           ||    15
       Dagger            ||    90
 Cast: Summon Small Mamm ||    97
  Use: Scroll            ||     4
       Potion            ||     1
 Stab: Sleeping          ||     1
  Eat: Chunk             ||     5
Armor: Leather armour    ||    53
Dodge: Dodged            ||   116
